 Dungeon Crawl Stone Soup version 0.25-a0-419-g7650d0de75 (webtiles) character file.

Game seed: 9356543278012047113, levelgen mode: deterministic

119 kae the Chiller (level 4, -2/30 HPs)
             Began as a Demonspawn Ice Elementalist on Jan 17, 2020.
             Was an Initiate of Vehumet.
             Killed by divine providence
             ... invoked by an orc priest
              (12 damage)
             ... on level 2 of the Dungeon.
             The game lasted 00:01:45 (1519 turns).

kae the Chiller (Demonspawn Ice Elementalist)       Turns: 1519, Time: 00:01:46

Health: -2/30      AC:  4    Str: 13    XL:     4   Next: 74%
Magic:  8/8        EV: 12    Int: 17    God:    Vehumet [......]
Gold:   126        SH:  0    Dex: 14    Spells: 8/9 levels left

rFire    + . .     SeeInvis .   j - +1 short sword (elec)
rCold    + . .     Gourm    .   (no shield)
rNeg     . . .     Faith    .   a - +0 robe
rPois    +         Spirit   .   (no helmet)
rElec    +         Reflect  .   (no cloak)
rCorr    +         Harm     .   (no gloves)
MR       .....                  (no boots)
Stlth    ++........             (no amulet)
HPRegen  0.10/turn              (no ring)
MPRegen  0.11/turn              (no ring)

@: mighty, resistant
A: iridescent scales 1, powered by pain 1
a: Renounce Religion


You were on level 2 of the Dungeon.
You worshipped Vehumet.
Vehumet was noncommittal.
You were not hungry.

You visited 1 branch of the dungeon, and saw 2 of its levels.

You collected 126 gold pieces.

Inventory:

Hand Weapons
 j - a +1 short sword of electrocution (weapon)
Armour
 a - a +0 robe (worn)
Jewellery
 b - an uncursed ring of see invisible {unknown}
Scrolls
 d - 2 scrolls of enchant weapon {unknown}
 f - 3 scrolls of identify {unknown}
 g - a scroll of remove curse {unknown}
 h - 2 scrolls of teleportation {unknown}
 i - a scroll of amnesia {unknown}
Comestibles
 c - 3 rations


   Skills:
 - Level 1.7 Dodging
 - Level 1.7 Stealth
 + Level 3.1 Spellcasting
 * Level 5.0 Ice Magic


You had 8 spell levels left.
You knew the following spells:

 Your Spells              Type           Power        Failure   Level  Hunger
a - Freeze                Ice            ###.         2%          1    None

Your spell library contained the following spells:

 Spells                   Type           Power        Failure   Level  Hunger
 Ozocubu's Armour         Chrm/Ice       ##......     19%         3    ###....
 Hailstorm                Conj/Ice       ##......     52%         4    ####...
 Summon Ice Beast         Ice/Summ       ##......     52%         4    ####...


Dungeon Overview and Level Annotations

Branches:
Dungeon (2/15)

Altars:
Ashenzari
Gozag
Okawaru
Vehumet


Innate Abilities, Weirdness & Mutations

You are partially covered in iridescent scales. (AC +2)
You sometimes gain a little power by taking damage.


Message History

Press: ? - help, Shift-Dir - straight line, f/p - orc wizard
Aim: an orc wizard, wielding a +0 dagger and wearing a +0 robe (translocational energy, heavily wounded)
You freeze the orc wizard.
The orc wizard is severely wounded.
The orc priest barely misses you.
The orc wizard hits you with a +0 dagger.
The orc throws a stone.
The stone hits you but does no damage.
The orc wizard hits you with a +0 dagger.
You see here a stone.
Okay, then.
It was a potion of magic.
Magic courses through your body.
The orc priest hits you but does no damage.
The orc wizard casts a spell.
The orc wizard flickers and vanishes!
Deactivating autopickup; reactivate with Ctrl-A.
It was a potion of resistance.
You feel protected.
The orc priest invokes the aid of Beogh against you.
Beogh smites you!
You die...

#.#### ##(..(.## ##.†. #.#
##...## ##.... ###.### ##(##
#..... #.....# #######.#
#..... #.#.#.####......)#
#.....
#.#..........###.#########....
#.###.####.#.##.........###...
#.....# #.#.#{o...####.# ###.
####### #.#.@oo....###.#####.
#.#####†.#......†.... #.#
#..#####.######
#.#####..#####.#
#..............#
#######.######## #.# #.# #.


You could see an orc priest, an orc wizard and an orc.

Vanquished Creatures
  A crimson imp (D:2)
  An orc priest (D:2)
  An adder (D:2)
  2 oozes (D:1)
  A leopard gecko (D:1)
  5 bats
  6 giant cockroaches
  4 goblins
  5 hobgoblins (D:1)
  A ball python (D:2)
  5 frilled lizards
  4 kobolds
  5 rats
41 creatures vanquished.

Notes
Turn   | Place    | Note
-------+----------+-------------------------------------------
     0 | D:1      | kae the Demonspawn Ice Elementalist began the quest for the
                  | Orb.
     0 | D:1      | Reached XP level 1. HP: 13/13 MP: 3/3
   400 | D:1      | Gained mutation: You sometimes gain a little power by
                  | taking damage. [demonic ancestry]
   400 | D:1      | Reached XP level 2. HP: 14/19 MP: 0/5
   500 | D:1      | Reached skill level 4 in Ice Magic
   982 | D:1      | Reached XP level 3. HP: 17/24 MP: 6/6
  1137 | D:2      | Gained mutation: You are partially covered in iridescent
                  | scales. (AC +2) [demonic ancestry]
  1137 | D:2      | Reached XP level 4. HP: 23/30 MP: 3/8
  1249 | D:2      | Found an iron altar of Okawaru.
  1249 | D:2      | Found an opulent altar of Gozag.
  1254 | D:2      | Found a shattered altar of Ashenzari.
  1254 | D:2      | Found a radiant altar of Vehumet.
  1289 | D:2      | Became a worshipper of Vehumet
  1511 | D:2      | Reached skill level 5 in Ice Magic
  1519 | D:2      | Killed from afar by an orc priest

Levels and vault maps discovered:
D:1:      matt_arrival_spirals, layout_basic, minmay_tetromino_o2
D:2:      layout_loops_corners, grunt_temple_overflow_open

Skill      XL: |  1  2  3  4 |
---------------+-------------+-----
Ice Magic      | 4 5 |  5.0
Spellcasting   | 3 |  3.1
Dodging        | |  1.7
Stealth        | |  1.7

Action                   |  1- 3 |  4- 6 || total
-------------------------+-------+-------++-------
Melee: Unarmed           |    25 |       ||    25
       Short sword       |    12 |     9 ||    21
 Cast: Freeze            |    30 |    17 ||    47
  Use: Potion            |       |     2 ||     2
 Stab: Sleeping          |     1 |     1 ||     2
  Eat: Chunk             |     1 |     1 ||     2
Armor: Robe              |    12 |     6 ||    18
Dodge: Dodged            |    44 |    14 ||    58

Table legend:
 A = Non-vault XP
 B = Vault XP
 C = Vault XP percentage of total XP
 D = Non-vault monster count
 E = Vault monster count
 F = Vault count percentage of total count
                 A         B        C        D         E       F
            +---------+---------+-------+---------+---------+-------
      Total |     167 |       4 |   2.3 |      39 |       2 |   4.9
            +---------+---------+-------+---------+---------+-------
        D:1 |      50 |       4 |   7.4 |      26 |       2 |   7.1
        D:2 |     117 |       0 |   0.0 |      13 |       0 |   0.0
            +---------+---------+-------+---------+---------+-------
